AoeStats
← [Maturita Owner] HTB-Chan

Arabia

509645686Analyzed
1v1 RM · 4d ago on Sep 27, 2026· 45m 35s· 2 players
Game mode
Random Map
Map size
Tiny (2 player)
Population
200
Speed
Normal
Resources
Standard
Victory
Conquest
Starting age
Dark Age
Ending age
Imperial Age
RankedLock teamsTeams togetherTeam positionsShared explorationLock speedFull tech treeHidden civsTurbo modeCheats
Victory
Defeat
🇪🇸 Inca · Spain
554
+19
🇨🇿 Huns · Czechia
619
-19
MYHAKAA
3:06 Loom
13:30 Feudal Age
14:00 Horse Collar
15:29 Wheelbarrow
15:30 Arson
15:44 Double-Bit Axe
21:01 Castle Age
19:25 Gold Mining
20:24 Forging
19:57 Champi Runner
21:35 Scale Mail Armor
22:25 Fletching
25:33 Iron Casting
28:24 Chain Mail Armor
28:32 Murder Holes
29:09 Andean Sling
28:40 Elite Skirmisher
31:45 Bodkin Arrow
36:31 Imperial Age
34:21 Hand Cart
37:23 Fabric Shields
40:15 Elite Kamayuk
42:47 Conscription
45:21 Sanctity
[Maturita Owner] HTB-Chan
2:22 Loom
13:06 Feudal Age
14:55 Wheelbarrow
14:01 Horse Collar
14:09 Double-Bit Axe
19:39 Bloodlines
19:46 Gold Mining
19:48 Stone Mining
21:27 Fletching
21:24 Arson
21:41 Padded Archer Armor
21:52 Forging
21:50 Town Watch
25:36 Castle Age
26:34 Hand Cart
26:30 Bow Saw
26:28 Husbandry
27:12 Gold Shaft Mining
27:13 Thumb Ring
28:42 Town Patrol
29:06 Bodkin Arrow
30:23 Iron Casting
32:53 Leather Archer Armor
32:43 Scale Barding Armor
35:23 Chain Barding Armor
36:22 Ballistics
48:25 Imperial Age
Connection lost

Rejoining the realm…

Still unreachable

The connection could not be restored.

Session expired

The server has moved on; the page needs a fresh start.